 Seeded DCSS version 0.30-a0-702-gdf48620a09 (webtiles) character file.

Game seed: 10276693907305644050 (custom seed)

218477 flotson the Severer (level 18, -15/156 HPs)
             Began as a Demonspawn Delver on Jan 21, 2023.
             Was the Champion of Hepliaklqana.
             Killed from afar by Mara (illusionary) (38 damage)
             ... with a bolt of fire
             ... on level 3 of the Swamp.
             The game lasted 01:20:53 (38488 turns).

flotson the Severer (Demonspawn Delver)            Turns: 38488, Time: 01:20:54

Health: -15/156    AC: 32    Str: 22    XL:     18   Next: 41%
Magic:  24/24      EV: 10    Int: 16    God:    Hepliaklqana [******]
Gold:   1828       SH: 31    Dex: 14    Spells: 17/17 levels left

rFire   . . .      SeeInvis +    a - +5 broad axe (heavy)
rCold   . . .      Faith    .    J - +1 tower shield {AC+3}
rNeg    . . .      Spirit   .    I - +8 chain mail of the Lich-sworn {rCorr Str+2}
rPois   +          Reflect  +    S - +2 helmet of Urphidwe {rElec Int+3}
rElec   +          Harm     .    P - +1 cloak {Will+}
rCorr   +          Rampage  .    K - +0 pair of gloves
Will    ++...                    u - +0 pair of boots of Trial and Error {Regen+ SInv} Stlth
                                 O - amulet of reflection
HPRegen 1.26/turn                W - +4 ring of slaying
MPRegen 0.19/turn                U - ring of poison resistance

@: about to teleport
A: reduced essence, claws 2, large bone plates 3, foul stench 1, robust 2, spiny
2
}: 1/15 runes: serpentine
a: Renounce Religion, Recall Ancestor, Ancestor Identity, Transference, Idealise


You were on level 3 of the Swamp.
You worshipped Hepliaklqana.
Hepliaklqana was exalted by your worship.
You visited 6 branches of the dungeon, and saw 30 of its levels.
You also visited: Gauntlet and Volcano.

You collected 3321 gold pieces.
You spent 1493 gold pieces at shops.

Inventory:

Hand Weapons
 a - a +5 heavy broad axe (weapon)
Missiles
 e - 2 atropa-tipped darts
 n - 3 boomerangs of dispersal
 q - 2 curare-tipped darts
 y - 2 throwing nets
 z - 16 javelins (quivered)
Armour
 u - the +0 pair of boots of Trial and Error (worn) {Regen+ SInv}
   (You acquired it on level 3 of the Snake Pit)

   SInv:      It lets you see invisible.
   Regen:     It increases your rate of health regeneration.
 I - the +8 chain mail of the Lich-sworn (worn) {rCorr Str+2}
   (You bought it in a shop on level 1 of the Snake Pit)

   Str:       It affects your strength (+2).
   rCorr:     It protects you from acid and corrosion.
 J - a +1 tower shield of protection (worn)
 K - a +0 pair of gloves (worn)
 P - a +1 cloak of willpower (worn)
 S - the +2 helmet of Urphidwe (worn) {rElec Int+3}
   (You found it on level 3 of the Lair of Beasts)

   Int:       It affects your intelligence (+3).
   rElec:     It insulates you from electricity.
Jewellery
 G - a ring of ice
 H - the ring of Wounaemo {rF+ MP+9 Slay+2 SInv}
   (You found it in a Gauntlet)

   [ring of magical power]

   Slay:      It affects your accuracy & damage with ranged weapons and melee
   (+2).
   rF:        It protects you from fire.
   MP:        It affects your magic capacity (+9).
   SInv:      It lets you see invisible.
 O - an amulet of reflection (around neck)
 U - a ring of poison resistance (right hand)
 W - a +4 ring of slaying (left hand)
 Y - a ring of the Octopus King {HP+2 AC+2 EV+2 SH+2 SInv}
   (You found it on level 4 of the Lair of Beasts)

   [ring of see invisible]

   AC:        It affects your AC (+2).
   EV:        It affects your evasion (+2).
   HP:        It affects your health (+2).
   SInv:      It lets you see invisible.
   SH:        It affects your SH (+2).
Wands
 b - a wand of mindburst (6)
 d - a wand of polymorph (24)
 g - a wand of digging (12)
 h - a wand of iceblast (18)
 i - a wand of paralysis (33)
 L - a wand of light (12)
 N - a wand of flame (23)
Scrolls
 c - 9 scrolls of fog
 f - 4 scrolls of vulnerability
 j - 8 scrolls of teleportation
 l - 9 scrolls of magic mapping
 m - 3 scrolls of immolation
 p - 5 scrolls of blinking
 C - 2 scrolls of silence
 D - 3 scrolls of poison
 F - a scroll of summoning
 T - 8 scrolls of fear
 X - a scroll of torment
 Z - a scroll of enchant weapon
Potions
 k - 6 potions of attraction
 r - 6 potions of flight
 s - 14 potions of heal wounds
 t - 4 potions of berserk rage
 v - 3 potions of ambrosia
 w - 5 potions of might
 x - 5 potions of haste
 B - 14 potions of curing
 E - 7 potions of lignification
 Q - 3 potions of cancellation
 R - 6 potions of invisibility
Miscellaneous
 M - a condenser vane (inert)
 V - a box of beasts (inert)


   Skills:
 + Level 12.9 Fighting
 * Level 15.3 Axes
 + Level 11.2 Throwing
 + Level 11.4 Armour
 + Level 11.7 Dodging
 - Level 5.0 Stealth
 + Level 11.3 Shields
 - Level 8.0 Invocations
 + Level 12.2 Evocations


You had 17 spell levels left.
You didn't know any spells.
Your spell library contained the following spells:

 Spells                   Type           Power      Damage    Failure   Level
 Beastly Appendage        Tmut           0%         N/A       100%        1
 Foxfire                  Conj/Fire      0%         2x1d4     100%        1
 Slow                     Hex            0%         N/A       100%        1
 Blink                    Tloc           0%         N/A       100%        2
 Lesser Beckoning         Tloc           0%         N/A       100%        2
 Momentum Strike          Conj/Tloc      0%         3d8       100%        2
 Wereblood                Tmut           0%         N/A       100%        2
 Call Canine Familiar     Summ           0%         N/A       100%        3
 Confusing Touch          Hex            0%         N/A       100%        3
 Dazzling Flash           Conj/Hex       0%         N/A       100%        3
 Gell's Gravitas          Tloc           0%         N/A       100%        3
 Ignite Poison            Fire/Tmut/Pois 0%         N/A       100%        3
 Inner Flame              Hex/Fire       0%         N/A       100%        3
 Portal Projectile        Hex/Tloc       0%         N/A       100%        3
 Spider Form              Tmut/Pois      0%         N/A       100%        3
 Teleport Other           Tloc           0%         N/A       100%        3
 Vampiric Draining        Necr           0%         2d6       100%        3
 Anguish                  Hex/Necr       0%         N/A       100%        4
 Flame Wave               Conj/Fire      0%         2d4       100%        4
 Iskenderun's Mystic Bla  Conj/Tloc      0%         2d3       100%        4
 Leda's Liquefaction      Hex/Erth       0%         N/A       100%        4
 Manifold Assault         Tloc           0%         N/A       100%        4
 Sticky Flame             Conj/Fire      0%         2d3       100%        4
 Summon Lightning Spire   Summ/Air       0%         N/A       100%        4
 Agony                    Necr           0%         N/A       100%        5
 Fireball                 Conj/Fire      0%         3d3       100%        5
 Iskenderun's Battlesphe  Conj           0%         2d6       100%        5
 Lee's Rapid Deconstruct  Erth           0%         3d4*      100%        5
 Silence                  Hex/Air        0%         N/A       100%        5
 Summon Forest            Summ/Tloc      0%         N/A       100%        5
 Summon Mana Viper        Hex/Summ       0%         N/A       100%        5
 Dispersal                Tloc           0%         N/A       100%        6
 Iron Shot                Conj/Erth      0%         9d1       100%        6
 Starburst                Conj/Fire      0%         6d3       100%        6
 Statue Form              Tmut/Erth      0%         N/A       100%        6
 Summon Cactus Giant      Summ           0%         N/A       100%        6
 Spellforged Servitor     Conj/Summ      0%         N/A       100%        7
 Storm Form               Tmut/Air       0%         N/A       100%        7
 Disjunction              Tloc           0%         N/A       100%        8
 Ignition                 Fire           0%         3d3       100%        8
 Maxwell's Capacitive Co  Air            0%         ∞         100%        8


Dungeon Overview and Level Annotations

Branches:
Dungeon (15/15)            Temple (1/1) D:5            Lair (5/5) D:9
  Swamp (3/4) Lair:2        Snake (4/4) Lair:2        Slime (0/5) Lair:5
    Orc (2/2) D:12            Elf (0/3) Orc:2        Vaults (0/5) D:13
 Depths (0/4) D:15        Volcano (visited)         Gauntlet (visited)

Altars:
Ashenzari
Cheibriados
Dithmenos
Fedhas
Gozag
Hepliaklqana
Kikubaaqudgha
Makhleb
Nemelex Xobeh
Okawaru
Qazlal
Ru
Sif Muna
Trog
Uskayaw
Vehumet
Wu Jian
Xom
Yredelemnul
Jiyva

Shops:
D:12 *   Orc:1 *   Orc:2 (*[:   Snake:1 [*[*!   Snake:2 =   Snake:3 *

Portals:
Trove: D:10 (give +6 demon whip)

Annotations:
D:4 Grinder
D:5 1 runed translucent door
D:9 2 transporters, nroviw's ghost, journeyman HOFi
Swamp:3 Mara


Innate Abilities, Weirdness & Mutations

Your life essence is reduced to manifest your ancestor. (-10% HP)
You have very sharp fingernails.
You are completely covered in large bone plates. (SH +8)
You may rarely emit foul miasma when damaged in melee.
You are very robust. (+20% HP)
You are mostly covered in sharp spines.


Message History

Press: ? - help, Q - select action, (/) - cycle Shift-Dir - straight line, f - Mara
Aim: Mara, wielding a +2 vampiric demon blade and wearing a +0 robe (almost dead, 63% to hit)
You throw a javelin. The javelin barely misses Mara.
You hear a splash.
Flotson's illusion hits you but does no damage.
Mara gestures at you. The bolt of fire misses you.
The mangrove smoulders and burns.
Throw: 18 javelins
Press: ? - help, Q - select action, (/) - cycle Shift-Dir - straight line, f/p - Mara
Aim: Mara, wielding a +2 vampiric demon blade and wearing a +0 robe (flame, almost dead, 63% to hit)
You throw a javelin.
The javelin pierces through Mara but does no damage.
Mara is almost dead.
Flotson's illusion barely misses you.
Mara blinks!
Mara is engulfed in blazing flames.
Mara shimmers.
Mara shimmers and seems to become two!
Throw: 17 javelins
Press: ? - help, Q - select action, (/) - cycle Shift-Dir - straight line, f - flotson's illusion
Aim: flotson's illusion, wielding a heavy weapon (severely wounded, 73% to hit)
You throw a javelin.
The javelin pierces through flotson's illusion but does no damage.
Flotson's illusion is severely wounded.
Mara blinks!
You block flotson's illusion's attack.
Mara blinks!
Mara is engulfed in blazing flames.
Mara gestures at you. The bolt of fire hits you!!!
The mangrove smoulders and burns.
Mara gestures at you. The bolt of fire hits you!!!
* * * LOW HITPOINT WARNING * * *
The mangrove smoulders and burns.
You block flotson's illusion's attack.
Blink to where?
Press: ? - help, Dir - move target, p - flotson's illusion
As you read the scroll of blinking, it crumbles to dust.
Mara says, "Bound art thou by all the snares!"
As you read the scroll of teleportation, it crumbles to dust.
You feel strangely unstable. Mara gestures at you. The bolt of fire hits you!!!
You die...

~~♣♣♣♣ ~§~(~~..##..~§♣
♣...~.. .~♣♣♣.~.#....~♣
♣~~~.~.♣♣♣ ♣.~..##.~~♣
♣♣§....~~♣ ~ ♣./.~##~.♣♣
♣.....~.~♣ ♣~♣♣♣..~.~.(♣
♣♣~~.~.~..♣♣ ♣♣~♣♣$.♣~..~♣♣♣
♣.....~~~~.♣♣♣.~~.~♣§)~~~..♣
♣.....~~~§.♣♣..~~.§~.~~~~~~♣
♣~..♣~.~~~~@.~.~~.@~§§~~~.♣♣
♣♣~♣♣♣..~~~..~~♣♣♣♣♣R§§~~~?♣
♣..~♣♣~~..~~~.~♣♣♣♣♣~[~R~~.~
♣♣....~.♣♣.~§~§.~~..~.§...~.~
♣...~.~~♣♣♣.~~~~R...§..§~~~.♣
♣♣..~...♣ ♣♣♣.~~~~~~~..§~~~..
♣♣♣.)~♣♣ ♣.§~~~~§~.~.~~~§~
♣♣§~♣♣ ♣§.~~~.§~(...~~.♣
♣.<.~♣ ♣~.~~.......~~~..


You could see Mara and flotson's illusion.

Vanquished Creatures
  Vashnia (Snake:4)
  Mlioglotl (Snake:1)
  Kirke (D:14)
  Donald (Snake:3)
  Roxanne (Snake:1)
  2 nagarajas (Snake:4)
  A fenstrider witch (Swamp:1)
  Aizul (Snake:3)
  An orc warlord (Orc:2)
  A stone giant (D:15)
  2 eleionomae (Swamp:3)
  A bunyip (Swamp:1)
  A minotaur (Gauntlet)
  Josephine (D:15)
  A fire dragon (Lair:5)
  10 hydras
  Harold (D:9)
  5 boulder beetles
  5 salamander tyrants
  4 vault guards (D:13)
  12 anacondas
  5 centaur warriors
  An ogre mage (Orc:2)
  A death knight (D:13)
  A ghost crab (Swamp:2)
  9 two-headed ogres
  4 alligators
  6 naga warriors
  3 tengu warriors
  A shock serpent (Snake:4)
  12 naga sharpshooters
  4 hell knights
  A goliath frog (Swamp:1)
  A skeletal warrior (D:14)
  3 salamander mystics (Snake:4)
  2 deep trolls (Orc:2)
  A sea snake (Snake:2)
  3 spriggan druids
  Lodul (D:10)
  A swamp dragon (Swamp:3)
  6 naga ritualists
  A glowing orange brain (Gauntlet)
  3 wizards
  3 bunyip skeletons (Swamp:2)
  A necromancer (D:10)
  9 bog bodies
  A lindwurm (Lair:5)
  9 deep elf pyromancers
  An orc sorcerer (Orc:2)
  7 ugly things
  A wolf spider (Lair:4)
  6 mana vipers
  2 manticores
  19 salamanders
  A will-o-the-wisp (Swamp:3)
  6 cyclopes
  3 guardian serpents
  9 elephants
  31 black mambas
  A rust devil (Gauntlet)
  2 molten gargoyles (Lair:5)
  11 naga magi
  A torpor snail (Lair:5)
  7 cane toads
  A kobold demonologist (D:9)
  A gargoyle (D:13)
  A rime drake (Lair:1)
  6 komodo dragons
  A freezing wraith (D:14)
  An efreet (D:13)
  A rime drake (shapeshifter) (D:15)
  4 tengu conjurers
  10 trolls
  2 polar bears (Lair:5)
  2 hornets (Swamp:3)
  3 tyrant leeches
  4 slime creatures
  18 blink frogs
  A ynoxinul (Gauntlet)
  47 yaks
  6 wraiths
  6 spriggans
  3 wyverns
  5 basilisks
  A shadow (D:11)
  2 fire elementals (Volcano)
  2 hogs (D:14)
  3 steam dragons
  8 vampire mosquitoes
  32 nagas
  9 swamp worms
  2 wargs
  9 hell hounds
  5 water moccasins
  A swamp drake (Swamp:1)
  2 sky beasts
  An ice beast (D:5)
  15 orc warriors
  22 wolves
  25 ogres
  A swamp dragon skeleton (Swamp:2)
  5 centaurs
  A kobold brigand (D:7)
  A battlemage (Orc:2)
  3 bullfrogs
  A necrophage (D:5)
  A gnoll sergeant (D:9)
  4 wights
  3 killer bees (D:9)
  An electric eel (D:10)
  2 howler monkeys (D:11)
  3 lava snakes (Lair:5)
  3 hounds
  A jelly (D:6)
  11 orc priests
  2 iron imps (Gauntlet)
  An iguana (D:5)
  2 hell rats (Lair:1)
  10 orc wizards
  Robin (D:3)
  4 gnolls
  An adder (D:5)
  An ufetubus (D:6)
  3 worms
  2 dart slugs
  44 orcs
  6 endoplasms
  A giant cockroach (D:1)
  7 hobgoblins
  A jackal (D:3)
  A quokka (D:4)
  3 ball pythons
  8 bats
  6 frilled lizards
  8 goblins
  9 kobolds
  5 rats
684 creatures vanquished.

Vanquished Creatures (collateral kills)
  2 nagarajas (Snake:4)
  A fenstrider witch (Swamp:1)
  2 bunyips
  A shambling mangrove (Swamp:1)
  A fire dragon (Snake:1)
  7 hydras
  2 ghost crabs
  An ogre mage (Orc:2)
  2 two-headed ogres
  2 death yaks (Lair:5)
  3 naga warriors
  A death scarab (Swamp:2)
  2 alligators (Swamp:3)
  A shock serpent (Snake:4)
  3 naga sharpshooters
  4 hell knights (D:10)
  A deep elf knight (D:14)
  Nergalle (D:11)
  A goliath frog (Swamp:2)
  7 salamander mystics
  4 sea snakes (Snake:2)
  A deep elf archer (Volcano)
  2 swamp dragons
  2 spriggan druids (Swamp:1)
  A naga ritualist (Snake:4)
  3 deep elf pyromancers
  A necromancer (Swamp:1)
  3 mana vipers
  2 will-o-the-wisps (Swamp:3)
  An ugly thing (D:14)
  An orc knight (D:15)
  2 cyclopes
  A manticore (D:12)
  4 salamanders
  6 elephants
  7 black mambas
  3 guardian serpents
  2 naga magi
  4 cane toads
  2 kobold demonologists (D:9)
  2 komodo dragons
  A rime drake (Lair:5)
  A tengu conjurer (Gauntlet)
  A queen bee (shapeshifter) (D:14)
  2 trolls
  A polar bear (Lair:3)
  5 hornets
  3 tyrant leeches
  7 blink frogs
  4 slime creatures
  6 spriggans
  A hog (shapeshifter) (D:14)
  23 yaks
  3 wyverns
  2 fire elementals (Volcano)
  Eustachio (D:4)
  5 basilisks
  4 vampire mosquitoes
  A steam dragon (Lair:3)
  A spriggan simulacrum (Swamp:2)
  6 swamp worms
  3 acid dragons
  2 wargs
  11 nagas
  7 hell hounds
  6 water moccasins
  8 orc warriors
  2 ice beasts (D:7)
  5 black bears
  4 sky beasts
  2 centaurs
  2 ogres
  16 wolves
  2 kobold brigands
  A spectral water moccasin (Lair:2)
  8 bullfrogs
  9 wights
  A killer bee (D:9)
  The ghost of flotson the Sneak, a weakling DsDe of Hepliaklqana (D:5)
  3 howler monkeys
  2 electric eels (Snake:2)
  2 lava snakes (Lair:5)
  A hound (D:7)
  A jelly (D:6)
  5 orc priests
  2 iguanas
  2 iron imps (Gauntlet)
  Ijyb (D:3)
  3 orc wizards
  2 hell rats (Lair:1)
  2 gnolls (D:7)
  An adder (D:3)
  2 worms
  34 orcs
  A ball python (D:3)
  2 giant cockroaches
  3 goblins
  A hobgoblin (D:3)
  3 jackals (D:3)
  18 kobolds
  A rat (D:3)
359 creatures vanquished.

Vanquished Creatures (others)
  A fenstrider witch (Swamp:2)
  An alligator (Swamp:2)
  A goliath frog (Swamp:2)
  A spriggan druid (Swamp:2)
  A bunyip skeleton (Swamp:2)
  4 bloated husks
  A human (D:14)
  79 battlemagi
  3 demonic plants (Gauntlet)
  4 foxfires (Swamp:3)
  8 fungi
  56 plants
160 creatures vanquished.

Grand Total: 1203 creatures vanquished

Notes
Turn   | Place    | Note
-------+----------+-------------------------------------------
     0 | D:5      | flotson the Demonspawn Delver began the quest for the Orb.
     0 | D:5      | Reached XP level 1. HP: 18/18 MP: 1/1
     6 | D:5      | Found a staircase to the Ecumenical Temple.
    15 | Temple   | Entered the Ecumenical Temple
    36 | Temple   | Became a worshipper of Hepliaklqana the Forgotten
   131 | D:5      | Noticed a hound
   151 | D:5      | Killed a hound
   152 | D:5      | Reached skill level 2 in Axes
   152 | D:5      | Reached skill level 1 in Invocations
   152 | D:5      | Gained mutation: You are partially covered in large bone
                  | plates. (SH +4) [demonic ancestry]
   152 | D:5      | Reached XP level 2. HP: 17/24 MP: 2/2
   152 | D:5      | Gained mutation: You are partially covered in sharp spines.
                  | [demonic ancestry]
   152 | D:5      | Reached XP level 3. HP: 20/29 MP: 3/3
   218 | D:5      | Reached skill level 1 in Armour
   218 | D:5      | Reached skill level 1 in Evocations
   324 | D:4      | Found a basalt altar of Yredelemnul.
   339 | D:4      | Found a snail-covered altar of Cheibriados.
   398 | D:4      | Noticed an ogre
   486 | D:4      | Noticed Grinder
   550 | D:2      | Gained mutation: You may rarely emit foul miasma when
                  | damaged in melee. [demonic ancestry]
   550 | D:2      | Reached XP level 4. HP: 22/35 MP: 5/5
   786 | D:1      | Reached * piety under Hepliaklqana
  1694 | D:2      | Reached ** piety under Hepliaklqana
  1695 | D:2      | Remembered your ancestor Zorana as a battlemage
  2351 | D:3      | Found an opulent altar of Gozag.
  2351 | D:3      | Found a radiant altar of Vehumet.
  2352 | D:3      | Found a burning altar of Makhleb.
  2373 | D:3      | Noticed Robin
  2373 | D:3      | Noticed Ijyb
  2378 | D:3      | Killed Ijyb
  2379 | D:3      | Gained mutation: You are mostly covered in sharp spines.
                  | [demonic ancestry]
  2379 | D:3      | Reached XP level 5. HP: 30/36 MP: 6/6
  2392 | D:3      | Killed Robin
  2596 | D:3      | Found a sacrificial altar of Ru.
  2667 | D:3      | Found a shimmering blue altar of Sif Muna.
  2697 | D:3      | Reached skill level 5 in Stealth
  3149 | D:4      | Noticed Eustachio
  3236 | D:4      | Killed Eustachio
  3237 | D:4      | Reached skill level 1 in Throwing
  3237 | D:4      | Reached skill level 1 in Shields
  3237 | D:4      | Gained mutation: You are mostly covered in large bone
                  | plates. (SH +6) [demonic ancestry]
  3237 | D:4      | Reached XP level 6. HP: 37/43 MP: 6/8
  3280 | D:4      | Noticed a sky beast
  3283 | D:4      | Killed a sky beast
  3400 | D:4      | Reached *** piety under Hepliaklqana
  3506 | D:4      | Gained mutation: You have sharp fingernails. [demonic
                  | ancestry]
  3506 | D:4      | Reached XP level 7. HP: 48/48 MP: 9/9
  3871 | D:5      | Found a runed translucent door.
  3874 | D:5      | Noticed flotson's ghost (weakling DsDe)
  3884 | D:5      | Killed flotson's ghost
  3885 | D:5      | Reached XP level 8. HP: 54/54 MP: 11/11
  3892 | D:5      | Found a runed translucent door.
  4935 | D:6      | Reached skill level 5 in Invocations
  5097 | D:7      | Reached skill level 5 in Fighting
  5443 | D:7      | Reached **** piety under Hepliaklqana
  5626 | D:7      | Reached XP level 9. HP: 59/61 MP: 13/13
  5810 | D:7      | Found an ancient bone altar of Kikubaaqudgha.
  5834 | D:7      | Reached skill level 3 in Axes
  6452 | D:8      | Reached skill level 4 in Axes
  6487 | D:8      | Reached skill level 5 in Dodging
  6854 | D:8      | Reached ***** piety under Hepliaklqana
  7035 | D:9      | Reached XP level 10. HP: 61/68 MP: 15/15
  7066 | D:9      | Reached skill level 5 in Evocations
  7171 | D:9      | Reached skill level 5 in Axes
  7261 | D:9      | Found a transporter.
  7264 | D:9      | Noticed nroviw's ghost (journeyman HOFi)
  7293 | D:9      | Found a transporter.
  7343 | D:9      | Reached skill level 5 in Armour
  7440 | D:9      | Noticed a sun demon
  7611 | D:9      | Found a staircase to the Lair.
  7642 | D:9      | Found a bloodstained altar of Trog.
  7800 | D:9      | Noticed a soul eater
  7805 | D:9      | Reached skill level 5 in Throwing
  7863 | D:10     | Entered Level 10 of the Dungeon
  7863 | D:10     | Noticed Harold
  7881 | D:9      | Killed Harold
  7882 | D:9      | Reached skill level 5 in Shields
  7882 | D:9      | Gained mutation: You are completely covered in large bone
                  | plates. (SH +8) [demonic ancestry]
  7882 | D:9      | Reached XP level 11. HP: 38/74 MP: 16/16
  8338 | D:10     | Found a portal to a secret trove of treasure.
  8464 | D:10     | Noticed Lodul
  8471 | D:10     | Reached skill level 6 in Axes
  8474 | D:10     | Killed Lodul
  8665 | D:10     | Noticed a two-headed ogre
  8674 | D:10     | Killed a two-headed ogre
  9600 | D:10     | Noticed a hell knight
  9881 | D:10     | Noticed a hell knight
  9887 | D:10     | Killed a hell knight
  9974 | D:10     | Noticed a hell knight
 10019 | D:10     | Noticed a hell knight
 10025 | D:10     | Noticed a hell knight
 10347 | D:10     | Noticed a hell knight
 10552 | D:10     | Noticed a necromancer
 10740 | D:10     | Killed a necromancer
 11883 | D:10     | Killed a hell knight
 14076 | D:10     | Killed a hell knight
 14077 | D:10     | Reached skill level 7 in Axes
 15529 | D:10     | Killed a hell knight
 15588 | D:10     | Killed a hell knight
 17178 | D:10     | Killed a hell knight
 17248 | D:10     | Noticed a hell knight
 17529 | D:10     | Killed a hell knight
 17703 | Lair:1   | Entered Level 1 of the Lair of Beasts
 17712 | Lair:1   | Gained mutation: You have very sharp fingernails. [demonic
                  | ancestry]
 17712 | Lair:1   | Reached XP level 12. HP: 39/82 MP: 18/18
 17854 | Lair:1   | Found a gate leading to a gauntlet.
 17860 | Gauntlet | Entered a Gauntlet
 17860 | Gauntlet | Found a transporter.
 17860 | Gauntlet | Found a transporter.
 17860 | Gauntlet | Found a transporter.
 17904 | Gauntlet | Found a transporter.
 17907 | Gauntlet | Found a transporter.
 17915 | Gauntlet | Found a transporter.
 17918 | Gauntlet | Found a transporter.
 17926 | Gauntlet | Found a transporter.
 17941 | Gauntlet | Found a transporter.
 17963 | Gauntlet | Found a transporter.
 17964 | Gauntlet | Found a transporter.
 17964 | Gauntlet | Noticed a tengu warrior
 17974 | Gauntlet | Found a transporter.
 18113 | Gauntlet | Identified the +1 ring mail "Refrek" {rElec rN++}
 18123 | Gauntlet | Killed a tengu warrior
 18219 | Gauntlet | Reached skill level 8 in Axes
 18268 | Gauntlet | Identified the ring of Wounaemo {rF+ MP+9 Slay+2 SInv}
 18419 | Gauntlet | Noticed a minotaur
 18429 | Gauntlet | Killed a minotaur
 19066 | Lair:1   | Noticed a five-headed hydra
 19072 | Lair:1   | Killed a seven-headed hydra
 19626 | Lair:2   | Found a staircase to the Swamp.
 19626 | Lair:2   | Noticed a ghost crab
 19636 | Lair:2   | Killed a ghost crab
 19686 | Lair:2   | Reached skill level 9 in Axes
 19707 | Lair:2   | Gained mutation: You are robust. (+10% HP) [demonic
                  | ancestry]
 19707 | Lair:2   | Reached XP level 13. HP: 84/99 MP: 19/19
 20319 | Lair:2   | Found a staircase to the Snake Pit.
 20930 | Lair:3   | Identified the +2 helmet of Urphidwe {rElec Int+3}
 21121 | Lair:3   | Reached skill level 10 in Axes
 21628 | Lair:3   | Reached ****** piety under Hepliaklqana
 22372 | Lair:4   | Reached XP level 14. HP: 108/108 MP: 20/20
 22623 | Lair:4   | Identified the +3 sling of Sulphur {drain, rElec Will+
                  | Int-4}
 22634 | Lair:4   | Found the ring of the Octopus King
 22685 | Lair:4   | Identified a ring of the Octopus King {HP+2 AC+2 EV+2 SH+2
                  | SInv}
 23123 | Lair:5   | Entered Level 5 of the Lair of Beasts
 23681 | Lair:5   | Found a viscous altar of Jiyva.
 23682 | Lair:5   | Found a staircase to the Slime Pits.
 23831 | Lair:5   | Reached skill level 11 in Axes
 24199 | Lair:5   | Reached skill level 10 in Fighting
 24282 | Lair:5   | Found a large runed translucent door.
 24284 | Lair:5   | Found a large runed translucent door.
 25468 | D:11     | Noticed Nergalle
 25476 | D:11     | Killed Nergalle
 25770 | D:12     | Found Vestri's General Store.
 26188 | D:12     | Found a staircase to the Orcish Mines.
 26478 | Orc:1    | Entered Level 1 of the Orcish Mines
 26518 | Orc:1    | Found a dark tunnel.
 26531 | Volcano  | Entered a volcano
 26635 | Volcano  | Gained mutation: You are very robust. (+20% HP) [demonic
                  | ancestry]
 26635 | Volcano  | Reached XP level 15. HP: 107/127 MP: 21/21
 26798 | Volcano  | Identified the +1 pair of boots of the Slorg {*Slow Int+3
                  | Slay+2 SInv}
 26940 | Orc:1    | You fall into a shaft and drop 1 floor!
 26940 | Orc:2    | Entered Level 2 of the Orcish Mines
 26992 | Orc:2    | Found a staircase to the Elven Halls.
 27404 | Orc:2    | Found Dihef's Armour Shoppe.
 27433 | Orc:2    | Reached skill level 12 in Axes
 27597 | Orc:2    | Found Rietut's Antique Weapon Shoppe.
 27602 | Orc:2    | Found Utudio's Book Shop.
 27610 | Orc:2    | Found Xeaxza's Assorted Antiques.
 27619 | Orc:2    | Bought a broad axe for 120 gold pieces
 27619 | Orc:2    | Bought a scroll labelled DIKIRI RUMOUZ for 30 gold pieces
 27917 | Orc:1    | Found Oceyvef's CLEARANCE SALE!.
 28078 | Orc:1    | Reached skill level 10 in Evocations
 28444 | D:13     | Found a gate to the Vaults.
 29203 | Orc:2    | Bought a bloodstained war axe for 238 gold pieces
 29203 | Orc:2    | Identified the +10 war axe of Internal Strife {flame, rF+
                  | Dex-3 Stlth+} (You bought it in a shop on level 2 of the
                  | Orcish Mines)
 29208 | Orc:2    | Bought the +5 chain mail "Walawn" {Harm Str+2 Int+3 Stlth+}
                  | for 647 gold pieces
 29405 | D:14     | Found a sparkling altar of Nemelex Xobeh.
 29779 | D:14     | Identified the +1 leather armour of the Kraken {rN+ Int+3}
 29905 | D:14     | Noticed Kirke
 29926 | D:14     | Killed Kirke
 30219 | D:14     | Reached XP level 16. HP: 114/137 MP: 22/22
 30603 | D:15     | Entered Level 15 of the Dungeon
 30611 | D:15     | Noticed Josephine
 30616 | D:15     | Killed Josephine
 30625 | D:15     | Reached skill level 10 in Dodging
 30911 | D:15     | Reached skill level 13 in Axes
 31061 | D:15     | Found a staircase to the Depths.
 31393 | Snake:1  | Entered Level 1 of the Snake Pit
 31460 | Snake:1  | Found Yde Diul's Distillery.
 31552 | Snake:1  | Found Fyzaem's Assorted Antiques.
 31623 | Snake:1  | Bought a scroll of identify for 54 gold pieces
 31626 | Snake:1  | Found Ipnosel's Assorted Antiques.
 31665 | Snake:1  | Bought a scroll labelled MURETR DINIKH for 25 gold pieces
 31665 | Snake:1  | Bought a scroll labelled MAOLICZO CUAWOL for 25 gold pieces
 31681 | Snake:1  | Found Qufel's Antique Armour Shoppe.
 31698 | Snake:1  | Bought an ichor-stained chain mail for 332 gold pieces
 31698 | Snake:1  | Identified the +8 chain mail of the Lich-sworn {rCorr
                  | Str+2} (You bought it in a shop on level 1 of the Snake
                  | Pit)
 31714 | Snake:1  | Noticed Roxanne
 31735 | Snake:1  | Reached skill level 10 in Shields
 31910 | Snake:1  | Found Ciceu's Superior Scales.
 32234 | Snake:1  | Noticed Mlioglotl
 32366 | Snake:1  | Killed Mlioglotl
 32367 | Snake:1  | Reached skill level 10 in Armour
 32431 | Snake:1  | Killed Roxanne
 32583 | Snake:2  | Reached skill level 10 in Throwing
 33181 | Snake:2  | Found Neshrof's One-of-a-Kind Rings.
 33741 | Snake:3  | Noticed Donald
 33751 | Snake:3  | Killed Donald
 33805 | Snake:3  | Found Ziess's Assorted Antiques.
 33811 | Snake:3  | Bought a scroll labelled JIZXIZO XETO for 22 gold pieces
 34103 | Snake:3  | Noticed Aizul
 34111 | Snake:3  | Killed Aizul
 34499 | Snake:3  | Acquired the +0 pair of boots of Trial and Error {Regen+
                  | SInv}
 34538 | Snake:3  | Reached XP level 17. HP: 146/146 MP: 23/23
 34608 | Snake:4  | Entered Level 4 of the Snake Pit
 34708 | Snake:4  | Reached skill level 14 in Axes
 35430 | Snake:4  | Got a serpentine rune of Zot
 35529 | Snake:4  | Noticed Vashnia
 35545 | Snake:4  | Killed Vashnia
 36104 | Swamp:1  | Entered Level 1 of the Swamp
 36759 | Swamp:1  | Reached XP level 18. HP: 156/156 MP: 24/24
 36841 | Swamp:1  | Reached skill level 15 in Axes
 37776 | Swamp:2  | Identified the +8 dagger "Poengohu" {freeze, rF+}
 37782 | Swamp:2  | Found an ancient bone altar of Kikubaaqudgha.
 37798 | Swamp:2  | Got the Compilation of Shades
 37996 | Swamp:3  | Paralysed by a fenstrider witch for 4 turns
 38139 | Swamp:3  | Noticed Mara
 38266 | Swamp:3  | Noticed flotson's illusion
 38463 | Swamp:3  | Noticed flotson's illusion
 38488 | Swamp:3  | Killed from afar by Mara (illusionary)

Illustrated notes

Levels and vault maps discovered:
D:1:      dpeg_arrival_tiny_k, layout_basic
D:2:      layout_loops_corners, minmay_circle_x
D:3:      layout_loops_cross, nicolae_overflow_quartered_altars,
          lemuel_blue_sif_altar, chequers_decorated_corner,
          kennysheep_pointless_box, amcnicky_mini_pool_small, st_stairs_4,
          hangedman_abyss_or_decor_stabs, nicolae_goblin_pals
D:4:      layout_basic, mainiacjoe_overflow_paths, lemuel_doored_altar,
          uniq_eustachio, uniq_grinder
D:5:      layout_gridville, minmay_temple_entry_mist, ebering_ghost_sewer_f
D:6:      layout_basic
D:7:      layout_cave_pods, kiku_gazebo_pond_becter
D:8:      layout_rooms, hangedman_misty_isle
D:9:      layout_roguey, trog_ov_bears_minmay, lair_entry_dummy,
          gammafunk_ghost_stat_death
D:10:     layout_basic, trove_entry_hex_spiral, library_closet,
          minmay_rotating_lava, uniq_harold, uniq_lodul
D:11:     layout_gridville, uniq_nergalle
D:12:     layout_loops_ring, david_orc_5, serial_shops, shop_fountains
D:13:     layout_roguey, lightli_vaults_fourway_checkpoint
D:14:     minmay_bloctagon, layout_loops_ring, nemelex_lonely_heart_becter,
          uniq_kirke
D:15:     hangedman_depths_entry_civil_slaughter, layout_cave_pools,
          serial_column_ruins, column_ruins_open_small,
          column_ruins_columns_straight, column_ruins_columns_straight,
          column_ruins_columns_water, column_ruins_grid_4,
          column_ruins_open_tiny, grunt_decor_fettered, uniq_josephine
Temple:   cyrus_circular_temple
Lair:1:   layout_cave_shapes, gauntlet_entry_generic
Lair:2:   layout_chaotic_city, nicolae_swamp_entry_spooky,
          minmay_snake_entry_guardpost_small
Lair:3:   layout_cave_pods, wad_woods_01, infiniplex_staircase_pool_2,
          grunt_megastairs_1
Lair:4:   layout_loops_ring, hangedman_lair_unloving_vines, minivault_23,
          nicolae_lair_run_with_the_wolves
Lair:5:   cheibrodos_lair_end_hotspot, layout_cellular_growth, slime_entry_1,
          infiniplex_staircase_pool
Swamp:1:  nicolae_swamp_standing_stones, layout_falls_marsh,
          hangedman_swamp_lotus, swamp_pool4
Swamp:2:  layout_basic_swamp, evilmike_swamp_ruin_house_5, swamp_pool1,
          beargit_kiku_chapel
Swamp:3:  layout_basic_swamp, evilmike_swamp_ruin_wall, uniq_mara
Snake:1:  layout_basic, serial_shops, nicolae_square_shop, nicolae_shop_trees,
          nicolae_take_the_stairs, nicolae_shop_statue_plus, drop_trap,
          hellmonk_scale_shop, grunt_megastairs_4, uniq_mlioglotl, uniq_roxanne
Snake:2:  layout_cave_pods, nicolae_shop_unique_rings, serial_bayou_lagoon_b,
          serial_bayou_shore_b
Snake:3:  layout_rooms, serial_shops, nicolae_shop_crystal, uniq_aizul,
          uniq_donald
Snake:4:  johnstein_snake_rune_scales, layout_cave_town, uniq_vashnia
Orc:1:    nicolae_orc_accident_2, layout_caves,
          lightli_volcano_entry_magma_tube, nicolae_shop_clearance
Orc:2:    st_orc_open, layout_caves, basic_altar, statue_in_the_mist_lemuel,
          minmay_orc_keep

Skill      XL: |  1  2  3  4  5  6  7  8  9 10 11 12 13 14 15 16 17 18 |
---------------+-------------------------------------------------------+-----
Axes           | 2 4 5 7 9 10 11 12 13 14 15 | 15.3
Dodging        | 2 3 4 5 6 7 8 9 10 11 | 11.7
Invocations    | 1 2 3 4 5 6 7 8 |  8.0
Armour         | 1 2 3 4 5 6 7 8 9 10 11 | 11.4
Evocations     | 1 2 3 4 5 6 7 8 9 10 11 12 | 12.2
Stealth        | 5 |  5.0
Throwing       | 1 2 3 4 5 6 7 8 9 10 11 | 11.2
Shields        | 1 2 3 4 5 6 7 8 9 10 11 | 11.3
Fighting       | 4 5 6 7 8 9 10 11 12 | 12.9

Action                   |  1- 3 |  4- 6 |  7- 9 | 10-12 | 13-15 | 16-18 || total
-------------------------+-------+-------+-------+-------+-------+-------++-------
Melee: Hand axe          |    30 |    75 |    28 |       |       |       ||   133
       Trident           |       |    41 |    78 |       |       |       ||   119
       War axe           |       |       |    47 |   280 |   711 |   168 ||  1206
       Broad axe         |       |       |       |       |   183 |   403 ||   586
 Fire: Sling             |       |       |    16 |   537 |    57 |       ||   610
Throw: Dart              |       |       |     8 |    15 |       |     1 ||    24
       Javelin           |       |       |       |       |    21 |    16 ||    37
Invok: Ancestor Life: Ba |       |     1 |       |       |       |       ||     1
       Recall Ancestor   |       |       |       |     1 |     1 |     4 ||     6
Evoke: Wand              |       |       |     1 |     2 |     1 |     1 ||     5
       Condenser vane    |       |       |       |     1 |     1 |     1 ||     3
       Box of beasts     |       |       |       |       |       |     1 ||     1
  Use: Potion            |     1 |       |     1 |     4 |     1 |       ||     7
       Scroll            |     2 |       |     1 |    15 |     6 |    20 ||    44
 Stab: Sleeping          |       |    13 |     9 |     1 |     1 |       ||    24
       Distracted        |       |     1 |     1 |     5 |    17 |    20 ||    44
       Invisible         |       |       |     1 |       |     1 |       ||     2
Armor: Chain mail        |    22 |     2 |       |       |    35 |   404 ||   463
       Ring mail         |       |    35 |     4 |    66 |   146 |       ||   251
       Leather armour    |       |       |    20 |       |       |       ||    20
       Steam dragon scal |       |       |     4 |       |       |       ||     4
       Scale mail        |       |       |       |       |    40 |       ||    40
Dodge: Dodged            |     9 |    44 |    70 |   197 |   340 |   212 ||   872
Block: Other             |     1 |     9 |       |       |       |       ||    10
       Kite shield       |       |    39 |   150 |   415 |  1201 |   425 ||  2230
       Reflection        |       |       |       |     7 |    46 |   150 ||   203
       Tower shield      |       |       |       |       |       |   631 ||   631

Table legend: (Time is in decaauts)
 A = Elapsed time spent in this place.
 B = Non-inter-level travel time spent in this place.
 C = Inter-level travel time spent in this place.
 D = Time resting spent in this place.
 E = Time spent auto-exploring this place.
 F = Levels seen in this place.
 G = Mean time per level.
                   A        B        C        D        E       F      G
               +--------+--------+--------+--------+--------+-----+--------+
         Total |  39590 |  37883 |   1707 |   8356 |  22234 |  32 | 1237.2 |
       Dungeon |  22810 |  21952 |    858 |   7517 |  10687 |  15 | 1520.7 |
        Temple |     36 |     21 |     15 |      0 |      8 |   1 |   36.0 |
          Lair |   6911 |   6508 |    403 |    410 |   4857 |   5 | 1382.2 |
         Swamp |   2382 |   2308 |     74 |    236 |   1511 |   3 |  794.0 |
     Snake Pit |   4817 |   4617 |    200 |    193 |   3439 |   4 | 1204.2 |
  Orcish Mines |   1515 |   1360 |    155 |      0 |   1000 |   2 |  757.5 |
       Volcano |    344 |    344 |      0 |      0 |    199 |   1 |  344.0 |
      Gauntlet |    772 |    772 |      0 |      0 |    531 |   1 |  772.0 |
               +--------+--------+--------+--------+--------+-----+--------+

Top non-repeatable levels by time:
    D:10: 9982 daAuts
  Lair:5: 1555 daAuts
  Lair:2: 1512 daAuts
    D:14: 1349 daAuts
 Snake:4: 1303 daAuts
  Lair:1: 1290 daAuts
  Lair:3: 1285 daAuts
  Lair:4: 1267 daAuts
     D:9: 1241 daAuts
 Snake:2: 1220 daAuts
 Swamp:1: 1215 daAuts
     D:7: 1184 daAuts
 Snake:1: 1170 daAuts
 Snake:3: 1123 daAuts
   Orc:2: 1037 daAuts
